 Dungeon Crawl Stone Soup version 0.24-a0-284-g9fb9971 (webtiles) character file.

Game seed: 14012981722112463337

71 Laiders72 the Magician (level 4, 19/24 HPs)
             Began as a Deep Elf Wizard on May 4, 2019.
             Was an Initiate of Vehumet.
             Quit the game on level 3 of the Dungeon on May 5, 2019.
             The game lasted 00:08:46 (2988 turns).

Laiders72 the Magician (Deep Elf Wizard)            Turns: 2988, Time: 00:08:47

Health: 19/24      AC:  3    Str:  5    XL:     4   Next: 5%
Magic:  8/13       EV: 13    Int: 23    God:    Vehumet [......]
Gold:   182        SH:  0    Dex: 13    Spells: 2/13 levels left

rFire    x . .     SeeInvis .   e - +0 mace (holy)
rCold    + . .     Gourm    .   (no shield)
rNeg     . . .     Faith    .   a - +0 robe
rPois    .         Spirit   .   b - +0 hat
rElec    .         Reflect  .   (no cloak)
rCorr    .         Harm     .   s - +0 pair of gloves
MR       .....                  (no boots)
Stlth    ++........             (no amulet)
HPRegen  0.08/turn              c - ring of ice
MPRegen  0.13/turn              (no ring)

@: very slightly contaminated
A: no striking features
a: Renounce Religion


You were on level 3 of the Dungeon.
You worshipped Vehumet.
Vehumet was noncommittal.
You were not hungry.

You visited 1 branch of the dungeon, and saw 3 of its levels.

You collected 182 gold pieces.

Inventory:

Hand Weapons
 e - a +0 mace of holy wrath (weapon)
Armour
 a - a +0 robe (worn)
 b - a +0 hat (worn)
 s - a +0 pair of gloves (worn)
Jewellery
 c - a ring of ice (left hand)
Scrolls
 f - 2 scrolls of identify
 i - 3 scrolls of teleportation
 k - a scroll of blinking {unknown}
 l - a scroll of magic mapping
 m - a scroll of remove curse {unknown}
 n - a scroll of amnesia {unknown}
 o - a scroll of enchant weapon {unknown}
 p - a scroll of enchant armour {unknown}
Potions
 g - a potion of might {unknown}
 h - 2 potions of curing
 j - 2 potions of haste {unknown}
 q - a potion of heal wounds {unknown}
Comestibles
 d - 6 rations
 r - a chunk of flesh


   Skills:
 - Level 2.4 Dodging
 - Level 3.0 Stealth
 + Level 5.3 Spellcasting
 + Level 2.6 Conjurations
 + Level 2.1 Summonings
 - Level 1.1 Translocations


You had 2 spell levels left.
You knew the following spells:

 Your Spells              Type           Power        Failure   Level  Hunger
a - Magic Dart            Conj           ###.         3%          1    None
b - Call Imp              Summ           ###.....     6%          2    None
c - Blink                 Tloc           N/A          9%          2    None
d - Mephitic Cloud        Conj/Pois/Air  ##......     19%         3    ##.....
e - Conjure Flame         Conj/Fire      ##......     16%         3    ##.....

Your spell library contained the following spells:

 Spells                   Type           Power        Failure   Level  Hunger
 Slow                     Hex            #.......     14%         2    None


Dungeon Overview and Level Annotations

Branches:
Dungeon (3/15)

Altars:
Vehumet


Message History

Casting: Magic Dart (safe; 3% risk of failure)
Confirm with . or Enter, or press ? or * to list all spells.
Aiming: Magic Dart (safe; 3% risk of failure)
Press: ? - help, Shift-Dir - straight line, f/p - worm
Aim: a worm (heavily wounded)
You miscast Magic Dart.
You are very lightly contaminated with residual magic.
Nothing appears to happen.
Casting: Magic Dart (safe; 3% risk of failure)
Confirm with . or Enter, or press ? or * to list all spells.
Aiming: Magic Dart (safe; 3% risk of failure)
Press: ? - help, Shift-Dir - straight line, f/p - worm
Aim: a worm (heavily wounded)
The magic dart hits the worm.
The worm is almost dead.
The worm bites you.
Unknown command.
Quiver which item? (- for none, * to show all) (? for menu, Esc to quit)
Okay, then.
Are you sure you want to abandon this character and quit the game? (Confirm with "yes".)

#.# #.# #.# #.# #.#
...####.# ......w.# #@#
....#.# .# #.#
.......#.# #.#
........>.#.# #.#
..........#.# #.#
..........#.# #.#
..........#.# #.#
..........#.####.#######
.......<...............#


You could see a worm.

Vanquished Creatures
  An adder (D:2)
  2 dart slugs (D:2)
  3 orcs (D:3)
  3 bats
  6 giant cockroaches
  5 goblins
  7 hobgoblins
  2 ball pythons (D:2)
  3 frilled lizards
  3 kobolds
  8 rats
43 creatures vanquished.

Vanquished Creatures (collateral kills)
  A worm (D:3)
  2 leopard geckos (D:3)
  An orc (D:3)
  A bat (D:1)
  A goblin (D:3)
  3 jackals (D:3)
9 creatures vanquished.

Grand Total: 52 creatures vanquished

Notes
Turn   | Place    | Note
-------+----------+-------------------------------------------
     0 | D:1      | Laiders72 the Deep Elf Wizard began the quest for the Orb.
     0 | D:1      | Reached XP level 1. HP: 10/10 MP: 7/7
   570 | D:1      | Reached XP level 2. HP: 15/15 MP: 4/9
   775 | D:1      | Learned a level 2 spell: Call Imp
   778 | D:1      | Learned a level 2 spell: Blink
  1552 | D:2      | Reached XP level 3. HP: 15/19 MP: 4/11
  1631 | D:2      | Learned a level 3 spell: Mephitic Cloud
  1635 | D:2      | Learned a level 3 spell: Conjure Flame
  1692 | D:2      | Reached skill level 5 in Spellcasting
  2755 | D:3      | Found a radiant altar of Vehumet.
  2820 | D:3      | Reached XP level 4. HP: 24/24 MP: 1/13
  2948 | D:3      | Became a worshipper of Vehumet
  2988 | D:3      | Quit the game

Levels and vault maps discovered:
D:1:      dpeg_arrival_orchard, layout_basic
D:2:      layout_loops_ring
D:3:      layout_basic, lemuel_doored_altar, overflow_temple_1_default,
          ebering_ghost_disaster_area, first_ration

Skill      XL: |  1  2  3 |
---------------+----------+-----
Stealth        | 3 |  3.0
Conjurations   | 2 |  2.6
Spellcasting   | 5 |  5.3
Summonings     | 2 |  2.1
Dodging        | |  2.4
Translocations | |  1.1

Action                   |  1- 3 |  4- 6 || total
-------------------------+-------+-------++-------
Melee: Mace              |    58 |       ||    58
 Cast: Magic Dart        |    69 |     7 ||    76
       Call Imp          |     6 |       ||     6
       Blink             |     3 |       ||     3
       Mephitic Cloud    |     1 |       ||     1
  Use: Scroll            |     3 |       ||     3
 Stab: Sleeping          |     1 |       ||     1
  Eat: Chunk             |     6 |       ||     6
Armor: Robe              |    14 |       ||    14
Dodge: Dodged            |    76 |       ||    76

Table legend:
 A = Non-vault XP
 B = Vault XP
 C = Vault XP percentage of total XP
 D = Non-vault monster count
 E = Vault monster count
 F = Vault count percentage of total count
                 A         B        C        D         E       F
            +---------+---------+-------+---------+---------+-------
      Total |     102 |       0 |   0.0 |      52 |       0 |   0.0
            +---------+---------+-------+---------+---------+-------
        D:1 |      33 |       0 |   0.0 |      22 |       0 |   0.0
        D:2 |      42 |       0 |   0.0 |      16 |       0 |   0.0
        D:3 |      27 |       0 |   0.0 |      14 |       0 |   0.0
            +---------+---------+-------+---------+---------+-------
